 Dungeon Crawl Stone Soup version 0.31-a0-638-g26219f789d (webtiles) character file.

Game seed: 5461851162328025299

95 Revguard the Ogre Mage (level 4, -2/41 HPs)
             Began as an Ogre Fire Elementalist on Aug 27, 2023.
             Slain by a kobold
             ... wielding a +0 dagger
              (3 damage)
             ... on level 3 of the Dungeon.
             The game lasted 00:06:10 (2122 turns).

Revguard the Ogre Mage (Ogre Fire Elementalist)     Turns: 2122, Time: 00:06:10

Health: -2/41      AC:  3    Str: 12    XL:     4   Next: 66%
Magic:  3/8        EV: 10    Int: 18    God:
Gold:   79         SH:  0    Dex:  9    Spells: 0/9 levels left

rFire   + . .        f - +0 club
rCold   + . .        (no shield)
rNeg    . . .        a - +0 robe
rPois   +            (helmet restricted)
rElec   +            (no cloak)
rCorr   +            (gloves unavailable)
SInv    .            (boots unavailable)
Will    .....        (no amulet)
Stlth   ++           (no ring)
HPRegen 0.26/turn    (no ring)
MPRegen 0.11/turn

%: no passive effects
@: resistant
A: large, unfitting armour, tough skin 1
a: no special abilities


You were on level 3 of the Dungeon.
You visited 1 branch of the dungeon, and saw 3 of its levels.

You collected 79 gold pieces.

Inventory:

Hand Weapons
 f - a +0 club (weapon)
Missiles
 h - a throwing net
Armour
 a - a +0 robe (worn)
Scrolls
 c - a scroll of blinking {unknown}
 d - a scroll of noise {unknown}
 e - a scroll of teleportation {unknown}
 g - a scroll of enchant armour {unknown}
Potions
 b - 2 potions of magic


   Skills:
 + Level 1.5 Fighting
 + Level 1.2 Maces & Flails
 + Level 0.9 Armour
 + Level 2.1 Dodging
 + Level 1.8 Stealth
 + Level 3.1 Spellcasting
 + Level 1.3 Conjurations
 + Level 3.0 Fire Magic


You couldn't memorise any spells.
You knew the following spells:

 Your Spells              Type           Power      Damage    Failure   Level
a - Foxfire               Conj/Fire      40%        2x1d6     7%          1
b - Scorch                Fire           26%        2d6       7%          2
c - Volatile Blastmotes   Fire/Tloc      16%        2d11      26%         3
d - Inner Flame           Hex/Fire       8%         N/A       26%         3

Your spell library contained the following spells:

 Spells                   Type           Power      Damage    Failure   Level
 Flame Wave               Conj/Fire      10%        2d6       54%         4
 Iskenderun's Battlesphe  Conj           7%         2d6       95%         5
 Leda's Unmaking          Conj/Erth      2%         9d1       100%        6
 Spellforged Servitor     Conj/Summ      2%         N/A       100%        7


Dungeon Overview and Level Annotations

Branches:
Dungeon (3/15)

Altars:


Innate Abilities, Weirdness & Mutations

You are too large for most types of armour.
You have tough skin. (AC +1)


Message History

Confirm with . or Enter, or press ? or * to list all spells.
You don't have enough magic to cast this spell.
You hit the orc but do no damage.
The orc is severely wounded.
The orc hits you with a +0 club.
* * * LOW HITPOINT WARNING * * *
You hit the orc.
You kill the orc!
You hit the hobgoblin.
The hobgoblin is moderately wounded.
The hobgoblin closely misses you.
It was a potion of resistance.
You feel protected. The hobgoblin hits you.
* * * LOW HITPOINT WARNING * * *
The hobgoblin attacks as it pursues you!
The hobgoblin barely misses you.
The hobgoblin attacks as it pursues you!
The hobgoblin hits you.
* * * LOW HITPOINT WARNING * * *
The hobgoblin attacks as it pursues you!
The hobgoblin misses you.
You closely miss the hobgoblin.
The hobgoblin is moderately wounded.
The hobgoblin misses you.
You barely miss the hobgoblin.
The hobgoblin is moderately wounded.
The hobgoblin misses you.
You hit the hobgoblin.
The hobgoblin is severely wounded.
The hobgoblin closely misses you.
The hobgoblin hits you but does no damage.
You hit the hobgoblin.
You kill the hobgoblin!
The goblin unwields a +0 dagger.
The goblin wields a +0 sling.
The goblin shoots a sling bullet.
The sling bullet hits you.
* * * LOW HITPOINT WARNING * * *
Your Fire Magic skill increases to level 3!
The kobold attacks as it pursues you! The kobold hits you with a +0 dagger.
You die...

#.#.#.#### #.#
... #K# #.#. #.#
..... #K# #.# #.
###g# .. ..
#...# # #. #.###
#.#######
#..g.K@.#
#.#####.#
#....##.# ###
#.##.##.# ..#
#######.......#
#.#
#.....####.####
#.###.###.# #.#
......# #.####.#
#.###.###......#


You could see a goblin and a kobold.

Vanquished Creatures
  4 adders
  A worm (D:2)
  A dart slug (D:1)
  An orc (D:3)
  5 ball pythons
  3 bats (D:1)
  6 endoplasms
  3 giant cockroaches
  8 goblins
  6 hobgoblins
  3 quokkas
  2 frilled lizards (D:1)
  3 kobolds (D:1)
  A rat (D:2)
47 creatures vanquished.

Vanquished Creatures (others)
  50 foxfires
50 creatures vanquished.

Grand Total: 97 creatures vanquished

Notes
Turn   | Place    | Note
-------+----------+-------------------------------------------
     0 | D:1      | Revguard the Ogre Fire Elementalist began the quest for the
                  | Orb.
     0 | D:1      | Reached XP level 1. HP: 16/16 MP: 3/3
   180 | D:1      | Reached skill level 1 in Conjurations
   213 | D:1      | Reached XP level 2. HP: 25/26 MP: 3/5
   399 | D:1      | Learned a level 2 spell: Scorch
   522 | D:1      | Reached skill level 1 in Fighting
   616 | D:1      | Reached XP level 3. HP: 27/33 MP: 7/7
   673 | D:1      | Learned a level 3 spell: Volatile Blastmotes
   740 | D:1      | Found a faded altar of an unknown god.
  1197 | D:2      | Reached skill level 1 in Maces & Flails
  1300 | D:2      | Reached XP level 4. HP: 22/41 MP: 6/8
  2035 | D:3      | Learned a level 3 spell: Inner Flame
  2111 | D:3      | HP: 2/41 [hobgoblin (2)]
  2119 | D:3      | HP: 1/41 [goblin/sling bullet (4)]
  2122 | D:3      | Slain by a kobold

Illustrated notes

Levels and vault maps discovered:
D:1:      dpeg_arrival_water_fire, layout_rooms,
          shapermc_ecumenical_altar_hornbeckon
D:2:      layout_basic, nicolae_the_louvre
D:3:      layout_loops_cross, gammafunk_ghost_grave, st_stairs_11

Skill      XL: |  1  2  3  4 |
---------------+-------------+-----
Conjurations   | 1 |  1.3
Fighting       | 1 |  1.5
Dodging        | 2 |  2.1
Maces & Flails | 1 |  1.2
Spellcasting   | 3 |  3.1
Fire Magic     | 3 |  3.0
Armour         | |  0.9
Stealth        | |  1.8

Action                     |  1- 3 |  4- 6 || total
---------------------------+-------+-------++-------
  Melee: Unarmed           |    65 |       ||    65
         Club              |    49 |    76 ||   125
         Punch             |     1 |     1 ||     2
   Cast: Foxfire           |    22 |     8 ||    30
         Scorch            |     2 |     2 ||     4
         Volatile Blastmot |     1 |     1 ||     2
    Use: Potion            |       |     1 ||     1
   Stab: Sleeping          |     1 |       ||     1
 Armour: Robe              |    33 |    28 ||    61
  Dodge: Dodged            |    68 |    49 ||   117

Table legend: (Time is in decaauts)
 A = Elapsed time spent in this place.
 B = Non-inter-level travel time spent in this place.
 C = Inter-level travel time spent in this place.
 D = Time resting spent in this place.
 E = Time spent auto-exploring this place.
 F = Levels seen in this place.
 G = Mean time per level.
                   A        B        C        D        E       F      G
               +--------+--------+--------+--------+--------+-----+--------+
         Total |   2151 |   2095 |     56 |      0 |   1537 |   3 |  717.0 |
       Dungeon |   2151 |   2095 |     56 |      0 |   1537 |   3 |  717.0 |
               +--------+--------+--------+--------+--------+-----+--------+

Top non-repeatable levels by time:
     D:2: 1003 daAuts
     D:1: 984 daAuts
     D:3: 164 daAuts
